 Dungeon Crawl Stone Soup version 0.21-a0-630-g344d3514eb (webtiles) character file.

3455 NixNut the Grappler (level 9, -4/84 HPs)
             Began as a Troll Monk on Dec 25, 2017.
             Was a Follower of Uskayaw.
             Slain by a two-headed ogre
             ... wielding a +0 giant spiked club
              (30 damage)
             ... on level 8 of the Dungeon on Dec 26, 2017.
             The game lasted 00:55:13 (6025 turns).

NixNut the Grappler (Troll Monk)                    Turns: 6025, Time: 00:55:13

Health: -4/84      AC:  7    Str: 24    XL:     9   Next: 78%
Magic:  8/8        EV: 11    Int:  6    God:    Uskayaw [*.....]
Gold:   326        SH:  0    Dex: 12    Spells: 8/8 levels left

rFire    + . .     SeeInvis .     - Unarmed
rCold    + . .     Gourm    +   (no shield)
rNeg     . . .     Faith    .   q - +2 robe {rC+}
rPois    .         Spirit   .   (helmet restricted)
rElec    .         Reflect  .   (no cloak)
rCorr    .         Harm     .   (gloves unavailable)
MR       .....                  (boots unavailable)
Stlth    ++........             (no amulet)
HPRegen  0.64/turn              d - +5 ring of slaying
MPRegen  0.11/turn              f - ring of protection from fire

@: no status effects
A: large, unfitting armour, claws 3, fast metabolism 3, gourmand, regeneration
1, shaggy fur 1, tough skin 2
a: Stomp, Renounce Religion


You were on level 8 of the Dungeon.
You worshipped Uskayaw.
Uskayaw was noncommittal.
You were completely stuffed.

You visited 1 branch of the dungeon, and saw 8 of its levels.
You also visited: Ossuary.

You collected 438 gold pieces.
You spent 112 gold pieces at shops.

Inventory:

Hand Weapons
 p - a +1 scythe of flaming
 t - a +0 shortbow
Missiles
 c - 3 tomahawks of dispersal (quivered)
 u - 46 arrows
Armour
 a - a +1 robe
 q - a +2 robe of cold resistance (worn)
Jewellery
 d - a +5 ring of slaying (left claw)
 f - a ring of protection from fire (right claw)
 k - an uncursed ring of see invisible
 m - an uncursed ring of wizardry
 r - an uncursed amulet of harm {tons of dmg}
 w - an uncursed ring of fire {unknown}
Wands
 v - a wand of polymorph (13)
 C - a wand of disintegration (15)
 E - a wand of flame (27)
 F - a wand of acid (10)
Scrolls
 e - 7 scrolls of teleportation
 l - 6 scrolls of remove curse
 n - a scroll of fog
 o - 3 scrolls of enchant weapon {unknown}
 s - a scroll of noise {unknown}
 y - a scroll of magic mapping
 z - 2 scrolls of enchant armour
 A - 2 scrolls of identify
 B - 2 scrolls of immolation {unknown}
 D - a scroll of torment {unknown}
Potions
 h - 2 potions of might
 i - 2 potions of magic
 j - 4 potions of curing
 x - 3 potions of lignification {unknown}
 G - a potion of heal wounds
Comestibles
 b - 8 rations


   Skills:
 - Level 4.0 Fighting
 + Level 4.5 Dodging
 - Level 1.0 Stealth
 * Level 12.6 Unarmed Combat


You had 8 spell levels left.
You didn't know any spells.

Dungeon Overview and Level Annotations

Branches:
Dungeon (8/15)
 Temple: D:4-7         Lair: D:8-11

Altars:
Ashenzari
Cheibriados
Fedhas
Makhleb
Nemelex Xobeh
Qazlal
Ru
Uskayaw
Yredelemnul
Zin

Shops:
D:8 *


Innate Abilities, Weirdness & Mutations

You are too large for most types of armour.
You have claws for hands.
Your metabolism is lightning-fast.
You like to eat raw meat.
Your natural rate of healing is unusually fast.
You are covered in fur. (AC +1)
You have very tough skin. (AC +2)


Message History

The big kobold throws a stone.
The stone hits you but does no damage.
You see here a stone.
The big kobold throws a stone.
The stone hits you but does no damage.
You see here a stone.
You mangle the two-headed ogre!!
The two-headed ogre is moderately wounded.
The two-headed ogre hits you with a giant spiked club!!
The two-headed ogre hits you with a giant club!!
A kobold comes into view.
The kobold shouts!
You scratch the two-headed ogre. You claw the two-headed ogre!
The two-headed ogre is heavily wounded.
You hear a shout!
The two-headed ogre barely misses you.
The two-headed ogre hits you with a giant club!!
* * * LOW HITPOINT WARNING * * *
You can now pass through a line of other dancers.
You can no longer pass through a line of other dancers.
The two-headed ogre hits you with a giant spiked club!!
You die...

#.#### #.# #.# #.# #.#
#.# #.. #.# #.. ..# ###
.######### ........@.# #
#.#######O####### #.
#.### #........ ... ....#
#K.###### ...O #.#.# #..#
#.... #.#.# #O.#
#.....###K#.## #..#
####O......(####K.######
...........KOKK.........#


You could see 2 two-headed ogres, a big kobold and a kobold.

Vanquished Creatures
  The ghost of bosakos the Fighter, a novice MiFi of Uskayaw (D:8)
  A hippogriff (D:7)
  Sigmund (D:2)
  Edmund (D:6)
  2 ice beasts
  2 centaurs (D:5)
  4 ogres
  A big kobold (D:8)
  An elf zombie (Ossuary)
  3 bullfrogs
  A scorpion (D:5)
  10 killer bees
  4 crimson imps
  2 centaur zombies (Ossuary)
  2 hounds
  The ghost of NixNut the Ducker, a weakling FeTm of Sif Muna (D:3)
  3 orc priests
  2 jellies
  5 worker ants
  3 big kobold zombies (Ossuary)
  2 hound zombies (Ossuary)
  3 mummies (Ossuary)
  A worker ant zombie (D:6)
  5 adders
  9 adder zombies
  An adder skeleton (D:8)
  6 worms
  A dart slug (D:1)
  2 leopard geckos (D:1)
  8 orcs
  6 bats
  4 giant cockroaches
  A gnoll zombie (Ossuary)
  2 goblins
  6 hobgoblins
  9 jackals
  2 quokkas
  3 frilled lizards
  A goblin zombie (Ossuary)
  4 hobgoblin zombies (Ossuary)
  5 jackal zombies (Ossuary)
  12 kobolds
  3 kobold zombies (Ossuary)
  An orc zombie (Ossuary)
  3 quokka zombies (Ossuary)
  7 rats
  A rat zombie (Ossuary)
158 creatures vanquished.

Notes
Turn   | Place    | Note
-------+----------+-------------------------------------------
     0 | D:1      | NixNut the Troll Monk began the quest for the Orb.
     0 | D:1      | Reached XP level 1. HP: 22/22 MP: 0/0
   108 | D:1      | Reached XP level 2. HP: 21/29 MP: 1/1
   601 | D:2      | Reached XP level 3. HP: 37/37 MP: 2/2
   990 | D:3      | Noticed NixNut's ghost (weakling FeTm)
   998 | D:2      | Noticed Sigmund
  1032 | D:2      | Killed Sigmund
  1032 | D:2      | Reached skill level 4 in Unarmed Combat
  1032 | D:2      | Reached XP level 4. HP: 31/48 MP: 3/3
  1032 | D:2      | Reached XP level 5. HP: 35/54 MP: 4/4
  1195 | D:2      | Reached skill level 5 in Unarmed Combat
  1718 | D:3      | Killed NixNut's ghost
  1821 | D:3      | Reached XP level 6. HP: 56/62 MP: 5/5
  2113 | D:3      | Found a basalt altar of Yredelemnul.
  2300 | D:5      | Entered Level 5 of the Dungeon
  2432 | D:5      | Reached skill level 6 in Unarmed Combat
  2558 | D:5      | Found a sacrificial altar of Ru.
  2559 | D:5      | Found a shattered altar of Ashenzari.
  2700 | D:5      | Reached XP level 7. HP: 68/70 MP: 6/6
  2703 | D:5      | Reached skill level 7 in Unarmed Combat
  3328 | D:6      | Found a hide-covered altar of Uskayaw.
  3331 | D:6      | Became a worshipper of Uskayaw the Reveler
  3331 | D:6      | Reached * piety under Uskayaw
  3376 | D:6      | Found a sand-covered staircase.
  3391 | Ossuary  | Entered an ossuary
  3430 | Ossuary  | Reached ** piety under Uskayaw
  3441 | Ossuary  | Reached *** piety under Uskayaw
  3442 | Ossuary  | Reached skill level 8 in Unarmed Combat
  3458 | Ossuary  | Reached **** piety under Uskayaw
  3564 | Ossuary  | Reached XP level 8. HP: 78/78 MP: 7/7
  3665 | D:6      | Reached skill level 9 in Unarmed Combat
  4471 | D:6      | Found a blossoming altar of Fedhas.
  4507 | D:6      | Noticed Edmund
  4528 | D:6      | Killed Edmund
  4564 | D:6      | Found a sparkling altar of Nemelex Xobeh.
  4734 | D:7      | Reached skill level 10 in Unarmed Combat
  4901 | D:7      | Reached ***** piety under Uskayaw
  4907 | D:7      | Reached XP level 9. HP: 34/84 MP: 8/8
  5160 | D:7      | Found a stormy altar of Qazlal.
  5160 | D:7      | Found a glowing silver altar of Zin.
  5210 | D:7      | Found a burning altar of Makhleb.
  5218 | D:7      | Reached skill level 11 in Unarmed Combat
  5569 | D:8      | Noticed bosakos's ghost (novice MiFi)
  5745 | D:8      | Killed bosakos's ghost
  5745 | D:8      | Reached skill level 12 in Unarmed Combat
  5765 | D:8      | Reached ****** piety under Uskayaw
  5768 | D:8      | Noticed a two-headed ogre
  5974 | D:8      | Found Ucisonwu's General Store.
  5982 | D:8      | Bought a scroll of identify for 32 gold pieces
  5982 | D:8      | Bought a potion of heal wounds for 80 gold pieces
  6001 | D:8      | Found a snail-covered altar of Cheibriados.
  6004 | D:8      | Noticed a two-headed ogre
  6025 | D:8      | Slain by a two-headed ogre

Vault maps used:
D:1:      dpeg_arrival_boxes_within_box
D:2:      first_ration, uniq_sigmund
D:3:      nicolae_overflow_crystal_walls
D:4:      nemelex_xobeh_ov_fountains_minmay, overflow_temple_1_default,
          minmay_temple_entry_statues_pillars, nicolae_gozag_seed_capital
D:5:      gammafunk_temple_overflow_pools, gup_sewer_entry_bubbles
D:6:      lemuel_doored_altar, kennysheep_mini, basic_altar,
          nicolae_ossuary_entry_ruins, grunt_decor_one_mirror, uniq_edmund
D:7:      gammafunk_temple_overflow_elements, lemuel_crystal_altar
D:8:      basic_altar, serial_shops, nicolae_shop_crystal, grunt_dithmenos_smoke
Ossuary:  minmay_ossuary_two_tombs

Skill      XL: |  1  2  3  4  5  6  7  8  9 |
---------------+----------------------------+-----
Fighting       | 3 4 |  4.0
Unarmed Combat | 4 5 6 8 10 12 | 12.6
Dodging        | 3 4 |  4.5
Stealth        | |  1.0

Action                   |  1- 3 |  4- 6 |  7- 9 || total
-------------------------+-------+-------+-------++-------
Melee: Unarmed           |    92 |    44 |   277 ||   413
       Punch             |     2 |       |     7 ||     9
Invok: Stomp             |       |       |     1 ||     1
Evoke: Wand              |       |       |     1 ||     1
  Use: Scroll            |     5 |     6 |     1 ||    12
       Potion            |       |       |     2 ||     2
 Stab: Sleeping          |       |     1 |     3 ||     4
       Paralysed         |       |       |     9 ||     9
  Eat: Chunk             |    11 |     6 |    27 ||    44
       Ration            |       |     2 |     3 ||     5
Armor: Robe              |    25 |     5 |    75 ||   105
Dodge: Dodged            |    44 |    18 |   131 ||   193

Table legend:
 A = Spawn XP
 B = Non-spawn XP
 C = Spawn XP percentage of total XP
 D = Spawn monster count
 E = Non-spawn monster count
 F = Spawn count percentage of total count
 G = Total turns spent on level
                    A         B        C        D         E        F      G
               +---------+---------+-------+---------+---------+-------+---------
         Total |       0 |    4936 |   0.0 |       0 |     158 |   0.0 |  6025
               +---------+---------+-------+---------+---------+-------+---------
           D:1 |       0 |      39 |   0.0 |       0 |      22 |   0.0 |   603
           D:2 |       0 |     278 |   0.0 |       0 |      15 |   0.0 |   789
           D:3 |       0 |     100 |   0.0 |       0 |       9 |   0.0 |   895
           D:5 |       0 |     594 |   0.0 |       0 |      13 |   0.0 |  1010
           D:6 |       0 |     794 |   0.0 |       0 |      17 |   0.0 |  1130
           D:7 |       0 |    1098 |   0.0 |       0 |      21 |   0.0 |   770
           D:8 |       0 |    1620 |   0.0 |       0 |      23 |   0.0 |   564
       Ossuary |       0 |     413 |   0.0 |       0 |      38 |   0.0 |   251
               +---------+---------+-------+---------+---------+-------+---------
